[Event "ICC tourney 2533 (25 5)"]
[Site "Internet Chess Club"]
[Date "2021.04.24"]
[Round "2"]
[White "SHARMA, JEENAL:K09-16875641"]
[Black "SRIADITYA KUNAPULI, SIDDARTH:K09-16368693"]
[Result "1/2-1/2"]
[ICCResult "Game drawn because neither player has mating material"]
[WhiteElo "686"]
[BlackElo "1533"]
[Opening "Sicilian defense"]
[ECO "B30"]
[NIC "SI.31"]
[Time "13:13:26"]
[PlyCount "107"]
[TimeControl "1500+5"]

1. e4 c5 2. Nf3 Nc6 3. Nc3 Nf6 4. Bc4 e6 5. d3 Be7 6. Bf4 a6 7. O-O d5 8.
Bb3 O-O 9. Re1 b5 10. a3 Bb7 11. Ne5 Nxe5 12. Bxe5 dxe4 13. Nxe4 Nxe4 14.
dxe4 Qxd1 15. Raxd1 Rad8 16. c3 b4 17. axb4 cxb4 18. Rd4 bxc3 19. Rxd8 Rxd8
20. bxc3 Bf6 21. Bxf6 gxf6 22. g3 Rd3 23. Rc1 Bxe4 24. Bc4 Rd6 25. Kf1 Bd5
26. Bxd5 exd5 27. Rd1 Kf8 28. Ke2 Ke7 29. Ke3 Ke6 30. Kd4 Rc6 31. Rc1 Rc4+
32. Kd3 Ra4 33. Re1+ Kd6 34. Re2 a5 35. Rb2 Kc5 36. f4 Kc6 37. Rb8 Ra2 38.
Rf8 Rxh2 39. Rxf7 Rh3 40. Rxf6+ Kb5 41. Rf5 Rxg3+ 42. Kd4 Kb6 43. Rxd5 Rg4
44. Rf5 h5 45. Rxh5 Rxf4+ 46. Kd3 a4 47. Kc2 Rf2+ 48. Kb1 a3 49. Rg5 Rf3
50. Ka2 Rxc3 51. Rh5 Kc6 52. Ra5 Kb6 53. Rxa3 Rxa3+ 54. Kxa3 { Game drawn
because neither player has mating material } 1/2-1/2

[Event "ICC tourney 2533 (25 5)"]
[Site "Internet Chess Club"]
[Date "2021.04.24"]
[Round "2"]
[White "DAVID NAKADA, JOHJI:K09-15202138"]
[Black "RAJBHANDARI, NIRVANA:K09-16146937"]
[Result "1/2-1/2"]
[ICCResult "Game drawn by mutual agreement"]
[WhiteElo "1869"]
[BlackElo "1200"]
[Opening "Scandinavian (center counter) defense"]
[ECO "B01"]
[NIC "SD.01"]
[Time "13:12:25"]
[PlyCount "99"]
[TimeControl "1500+5"]

1. e4 d5 2. exd5 Qxd5 3. Nc3 Qa5 4. d4 c6 5. Bd2 Nf6 6. Bc4 Bg4 7. Nf3 Nbd7
8. O-O e6 9. Re1 Be7 10. h3 Bh5 11. Nd5 Qd8 12. Nxe7 Qxe7 13. Bf4 O-O 14.
Qd3 Nb6 15. Bb3 Rfd8 16. Qe3 Nbd5 17. Qd2 Nxf4 18. Qxf4 Rac8 19. Rad1 Nd5
20. Qg3 c5 21. c4 Nb6 22. d5 Qf6 23. dxe6 Rxd1 24. exf7+ Bxf7 25. Rxd1 Bxc4
26. Bxc4+ Nxc4 27. Qg4 Nb6 28. b3 Re8 29. Qh5 Rc8 30. Qe5 Qxe5 31. Nxe5 Re8
32. Nd7 Nxd7 33. Rxd7 Re1+ 34. Kh2 Re2 35. Rxb7 Rxa2 36. f3 Rb2 37. Rxa7
Rxb3 38. Rc7 Rc3 39. g4 Rc1 40. Kg3 c4 41. Kf4 c3 42. h4 c2 43. Kg5 Rf1 44.
Rxc2 Rxf3 45. h5 h6+ 46. Kh4 Kh7 47. Rc4 Kg8 48. g5 hxg5+ 49. Kxg5 Kh7 50.
Rg4 { Game drawn by mutual agreement } 1/2-1/2

[Event "ICC tourney 2533 (25 5)"]
[Site "Internet Chess Club"]
[Date "2021.04.24"]
[Round "2"]
[White "PRATHIK KARRA, KUNAL:K09-14744151"]
[Black "WANG, LILIAN:K09-15607273"]
[Result "1-0"]
[ICCResult "Black resigns"]
[WhiteElo "1121"]
[BlackElo "1798"]
[Opening "QGD: Tarrasch defense"]
[ECO "D32"]
[NIC "TD.10"]
[Time "13:12:06"]
[PlyCount "145"]
[TimeControl "1500+5"]

1. d4 d5 2. c4 e6 3. Nc3 c5 4. Nf3 Nc6 5. Bf4 Be7 6. e3 Nf6 7. Be2 O-O 8.
O-O b6 9. h3 h6 10. Rc1 Bb7 11. Bh2 Bd6 12. Bxd6 Qxd6 13. Nb5 Qe7 14. a3 a6
15. Nc3 Rfd8 16. Na4 Nd7 17. Qd2 Na5 18. Qd1 dxc4 19. Bxc4 b5 20. Bxb5 axb5
21. Nc3 cxd4 22. Nxd4 Nc4 23. Ncxb5 Nxb2 24. Qe2 Na4 25. Nc6 Bxc6 26. Rxc6
Rac8 27. Rxc8 Rxc8 28. Rb1 Ndb6 29. Qd2 Rd8 30. Qc2 Rc8 31. Qb3 Nc5 32. Qb4
Nd5 33. Qd4 Nc7 34. Nd6 Rd8 35. Qxc5 Qxd6 36. Qxd6 Rxd6 37. g4 Ra6 38. Rb8+
Kh7 39. Rb7 Nd5 40. Rxf7 Kg6 41. Rb7 Rxa3 42. Kh2 Ra2 43. Kg3 Nf6 44. Kf3
Rd2 45. Re7 Rd6 46. h4 Nd5 47. h5+ Kf6 48. Re8 Rd7 49. Ra8 Rf7 50. Kg3 Nc3
51. f4 Nd5 52. e4 Nc3 53. e5+ Ke7 54. Ra7+ Kf8 55. Ra8+ Ke7 56. Ra3 Nd5 57.
f5 exf5 58. Ra7+ Ke8 59. Ra5 f4+ 60. Kf3 Nc7 61. Ra7 Ne6 62. Ra8+ Kd7 63.
Ra7+ Nc7 64. Ra5 Ke6 65. Rc5 Nd5 66. Ke4 Ne7 67. Ra5 f3 68. Ra6+ Nc6 69.
Rxc6+ Kd7 70. e6+ Kxc6 71. exf7 f2 72. f8=Q f1=Q 73. Qxf1 { Black resigns }
1-0

[Event "ICC tourney 2533 (25 5)"]
[Site "Internet Chess Club"]
[Date "2021.04.24"]
[Round "2"]
[White "KRICK, OWEN:K09-16875635"]
[Black "SAMMONS, EVAN:K09-16792076"]
[Result "1-0"]
[ICCResult "Black resigns"]
[WhiteElo "1146"]
[BlackElo "1832"]
[Opening "Queen's pawn, Mason variation"]
[ECO "D00"]
[NIC "QP.08"]
[Time "13:13:31"]
[PlyCount "151"]
[TimeControl "1500+5"]

1. d4 d5 2. Bf4 Nf6 3. e3 e6 4. Bd3 Bd6 5. Bg3 O-O 6. Nd2 c5 7. c4 cxd4 8.
Bxd6 Qxd6 9. exd4 dxc4 10. Nxc4 Qb4+ 11. Qd2 Qxd2+ 12. Kxd2 Nc6 13. Nf3 Rd8
14. Kc3 Nd5+ 15. Kd2 Nf4 16. g3 Nh3 17. Ke3 b5 18. Ncd2 h6 19. Bxb5 Nb4 20.
Rhc1 Bb7 21. Bf1 Ng5 22. Nxg5 hxg5 23. Nb3 Bd5 24. Bc4 Rac8 25. Nc5 e5 26.
Kd2 Rxc5 27. dxc5 Bxc4+ 28. Kc3 Nxa2+ 29. Kxc4 Nxc1 30. Rxc1 Kf8 31. b4 Ke7
32. Rc3 a6 33. Rd3 Rxd3 34. Kxd3 Kd7 35. Ke4 Ke6 36. f3 f5+ 37. Kd3 Kd5 38.
h3 g6 39. Kc3 f4 40. g4 a5 41. bxa5 Kxc5 42. a6 Kb6 43. a7 Kxa7 44. Kc4 e4
45. fxe4 f3 46. Kd3 f2 47. Ke2 f1=Q+ 48. Kxf1 Kb6 49. Ke2 Kc5 50. Ke3 Kd6
51. Kd4 Ke6 52. e5 Ke7 53. Kd5 Kd7 54. e6+ Ke7 55. Ke5 Ke8 56. Kf6 Kf8 57.
e7+ Ke8 58. Kxg6 Kxe7 59. Kxg5 Kf7 60. Kf5 Kg7 61. g5 Kf7 62. h4 Kg7 63. h5
Kf7 64. h6 Kf8 65. Kf6 Kg8 66. g6 Kh8 67. g7+ Kh7 68. Ke7 Kg8 69. Kf6 Kh7
70. Kg5 Kg8 71. Kf6 Kh7 72. Ke7 Kg8 73. Ke8 Kh7 74. Kf8 Kxh6 75. g8=Q Kh5
76. Kf7 { Black resigns } 1-0

[Event "ICC tourney 2533 (25 5)"]
[Site "Internet Chess Club"]
[Date "2021.04.24"]
[Round "2"]
[White "LIU, CATHERINE:K09-15277304"]
[Black "JIANG, MATHEW:K09-15949698"]
[Result "1/2-1/2"]
[ICCResult "Game drawn by mutual agreement"]
[WhiteElo "1143"]
[BlackElo "1822"]
[Opening "Scandinavian (center counter) defense"]
[ECO "B01"]
[NIC "SD.01"]
[Time "13:13:18"]
[PlyCount "174"]
[TimeControl "1500+5"]

1. e4 d5 2. exd5 Qxd5 3. Nc3 Qa5 4. Nf3 Nf6 5. Bc4 Bf5 6. d3 c6 7. a3 e6 8.
O-O Be7 9. Bd2 Qc7 10. Re1 Nbd7 11. Ba2 O-O 12. Ne4 Nb6 13. c4 Rad8 14. Qc2
Rd7 15. Rad1 Rfd8 16. Bc3 Nxe4 17. dxe4 Rxd1 18. Rxd1 Rxd1+ 19. Qxd1 Bxe4
20. Qd4 Bf6 21. Qxe4 Bxc3 22. bxc3 Qd7 23. Qd4 Qe7 24. c5 Nd5 25. Bxd5 exd5
26. Qe3 Qf8 27. h3 h6 28. Qd4 Qb8 29. c4 dxc4 30. Qxc4 Qd8 31. Qd4 Qe8 32.
Qb4 Qb8 33. a4 Qc7 34. a5 a6 35. Qb6 Qc8 36. Nd2 Qe8 37. Nf1 Qe7 38. f3 Kf8
39. Qb2 Qxc5+ 40. Kh2 Qe7 41. Ng3 Qc7 42. Qb6 Qb8 43. Qc5+ Kg8 44. Qb4 Qc7
45. Qc5 Kh7 46. Qb6 Qb8 47. f4 g6 48. Ne2 g5 49. g3 gxf4 50. gxf4 Kg6 51.
Qb4 Qc7 52. Qe4+ Kg7 53. Qe5+ Qxe5 54. fxe5 Kg6 55. Nf4+ Kf5 56. Nd3 Ke4
57. Nc5+ Kxe5 58. Nxb7 Kd4 59. Kg2 c5 60. Kf2 c4 61. Ke1 f5 62. Nd6 f4 63.
Nf5+ Kd3 64. Nh4 c3 65. Kd1 Ke3 66. Ng2+ Kf3 67. Ne1+ Ke3 68. Kc2 f3 69.
Nxf3 Kxf3 70. Kxc3 Kg3 71. Kc4 Kxh3 72. Kc5 Kg3 73. Kb6 h5 74. Kxa6 h4 75.
Kb7 h3 76. a6 h2 77. a7 h1=Q+ 78. Kb8 Qb1+ 79. Kc8 Qa2 80. Kb7 Qb3+ 81. Kc8
Qa4 82. Kb7 Qb5+ 83. Kc8 Qc6+ 84. Kb8 Qe8+ 85. Kb7 Qd7+ 86. Kb8 Qd8+ 87.
Kb7 Kf4 { Game drawn by mutual agreement } 1/2-1/2

[Event "ICC tourney 2533 (25 5)"]
[Site "Internet Chess Club"]
[Date "2021.04.24"]
[Round "2"]
[White "RAMASAMY, NITHIN:K09-16464765"]
[Black "CARRASCO, CHRISTIAN:K09-15929632"]
[Result "1-0"]
[ICCResult "Black checkmated"]
[WhiteElo "1075"]
[BlackElo "1734"]
[Opening "Réti opening"]
[ECO "A05"]
[NIC "QP.11"]
[Time "13:12:17"]
[PlyCount "163"]
[TimeControl "1500+5"]

1. Nf3 Nf6 2. g3 d5 3. Bg2 Nc6 4. d4 Bf5 5. O-O e6 6. c4 Be7 7. Nc3 O-O 8.
cxd5 exd5 9. Ne5 Re8 10. Bg5 Be6 11. e3 h6 12. Bxf6 Bxf6 13. Qb3 Na5 14.
Qa4 c6 15. b4 Bxe5 16. bxa5 Bc7 17. a6 b5 18. Qb3 Rb8 19. a4 b4 20. Na2 Qc8
21. Rab1 Qxa6 22. Nxb4 Qb6 23. Qc2 Bd7 24. Nxd5 Qa5 25. Nxc7 Qxc7 26. Qc5
Rbc8 27. Rfc1 Re6 28. d5 Re5 29. Rb3 Be6 30. Rbc3 Bd7 31. Qc4 Be8 32. dxc6
Re6 33. Qb5 Rb8 34. Qc4 Rb6 35. Qf4 Qc8 36. c7 Re7 37. R3c2 Bd7 38. Rc3 Rf6
39. Qb4 Re8 40. Qb7 a5 41. Qxc8 Bxc8 42. Rc5 Ra6 43. Rb5 Ra7 44. Rb8 Kf8
45. Rb5 f6 46. Rbc5 Ke7 47. Rc6 Bb7 48. R6c5 Rc8 49. Bxb7 Rxb7 50. Rxa5 Kd6
51. Rac5 Rbxc7 52. Rxc7 Rxc7 53. Rxc7 Kxc7 54. Kg2 Kb6 55. Kf3 Ka5 56. Ke4
Kxa4 57. Kf5 Kb3 58. Kg6 Kc4 59. Kxg7 Kd3 60. Kxf6 Ke4 61. Kg6 Kf3 62. Kxh6
Kxf2 63. e4 Ke3 64. g4 Kxe4 65. g5 Ke5 66. g6 Kf6 67. Kh7 Ke7 68. g7 Kf6
69. g8=Q Ke5 70. Kg7 Kd4 71. h4 Kd3 72. h5 Ke3 73. h6 Kf4 74. h7 Kg5 75.
Kf7+ Kf5 76. h8=Q Ke4 77. Qhh7+ Kd5 78. Qg5+ Kc6 79. Qd3 Kc7 80. Qc1+ Kb7
81. Qb3+ Ka7 82. Qca3# { Black checkmated } 1-0

[Event "ICC tourney 2533 (25 5)"]
[Site "Internet Chess Club"]
[Date "2021.04.24"]
[Round "2"]
[White "BABENKO, ARIEL:K09-15837661"]
[Black "MATHIYAZHAGAN, ASHRITH:K09-15357100"]
[Result "1-0"]
[ICCResult "Black forfeits on time"]
[WhiteElo "979"]
[BlackElo "1581"]
[Opening "Caro-Kann: Steinitz variation"]
[ECO "B17"]
[NIC "CK.08"]
[Time "13:12:13"]
[PlyCount "111"]
[TimeControl "1500+5"]

1. e4 c6 2. d4 d5 3. Nc3 dxe4 4. Nxe4 Nd7 5. Nf3 Ngf6 6. Bd3 Nxe4 7. Bxe4
Nf6 8. Bd3 Bg4 9. Be2 e6 10. O-O Bd6 11. h3 Bh5 12. Ne5 Bg6 13. Nxg6 hxg6
14. Bg5 Bc7 15. Bg4 Qd6 16. g3 Nxg4 17. Qxg4 Qd5 18. Kh2 Rh5 19. Bf4 Bxf4
20. Qxf4 O-O-O 21. Qxf7 Rdh8 22. h4 g5 23. f3 gxh4 24. g4 Qd6+ 25. f4 Rg5
26. Kh3 Rf8 27. Qxf8+ Qxf8 28. fxg5 Qd6 29. Rf3 Qxd4 30. c3 Qe4 31. Raf1 g6
32. R1f2 Kc7 33. Kxh4 Qe1 34. Kg3 Qe5+ 35. Kg2 Qxg5 36. Rf7+ Kb6 37. Kh3 e5
38. Re2 a5 39. Kg3 Qc1 40. Rxe5 g5 41. Rf2 Qg1+ 42. Kf3 Qd1+ 43. Ree2 Qd3+
44. Re3 Qd5+ 45. Ke2 Qc4+ 46. Kf3 Qd5+ 47. Kg3 Qd6+ 48. Kh3 Qh6+ 49. Kg2
Qd6 50. Re4 Qd5 51. Re2 Ka6 52. b3 Kb6 53. c4 Qf7 54. a3 Qf8 55. b4 axb4
56. c5+ { Black forfeits on time } 1-0

[Event "ICC tourney 2533 (25 5)"]
[Site "Internet Chess Club"]
[Date "2021.04.24"]
[Round "2"]
[White "CHEN XIONG, ELEYN:K09-16062773"]
[Black "BERGSTEDT, SAWYER:K09-16355805"]
[Result "1-0"]
[ICCResult "Black checkmated"]
[WhiteElo "1015"]
[BlackElo "440"]
[Opening "King's pawn game"]
[ECO "C50"]
[NIC "IG.03"]
[Time "13:12:31"]
[PlyCount "147"]
[TimeControl "1500+5"]

1. e4 e5 2. Nf3 Nc6 3. Bc4 Nd4 4. Nxd4 exd4 5. Qf3 Nf6 6. d3 h6 7. O-O a6
8. e5 d5 9. Bb3 Bg4 10. Qg3 Be2 11. Re1 Nh5 12. Qh3 Bxd3 13. Qxd3 Bc5 14.
g4 Qh4 15. gxh5 O-O-O 16. Qg3 Qxh5 17. Bf4 g5 18. Bd2 Rhe8 19. c3 f6 20.
cxd4 Bxd4 21. Bc3 fxe5 22. Bxd4 exd4 23. Nd2 Qg6 24. Qg4+ Kb8 25. Qxd4 Qf5
26. Rxe8 Rxe8 27. Qxd5 Qf4 28. Kf1 Qxh2 29. Qg2 Qf4 30. Re1 Rxe1+ 31. Kxe1
Qf5 32. Qf3 Qe5+ 33. Qe3 Qb5 34. Qe2 Qc6 35. Qc4 Qxc4 36. Bxc4 h5 37. f3 h4
38. Kf2 b5 39. Be6 Kb7 40. Ne4 Kc6 41. Nxg5 Kd6 42. Bg4 c5 43. f4 Kd5 44.
Ke3 c4 45. Be6+ Kc5 46. Ne4+ Kb4 47. f5 h3 48. f6 h2 49. Ng3 c3 50. bxc3+
Kxc3 51. f7 b4 52. f8=Q b3 53. Qc8+ Kb2 54. Bxb3 h1=Q 55. Nxh1 a5 56. Qc2+
Ka3 57. Qc5+ Kb2 58. Qxa5 Kb1 59. Bf7 Ka1 60. Qc3+ Kb1 61. Bg6+ Kxa2 62.
Qc2+ Ka3 63. Ng3 Kb4 64. Qd3 Ka4 65. Qc3 Kb5 66. Qd4 Kc6 67. Qe5 Kb6 68.
Qd5 Kc7 69. Qe6 Kb7 70. Qd6 Kc8 71. Qe7 Kb8 72. Qd7 Ka8 73. Be4+ Kb8 74.
Qb7# { Black checkmated } 1-0

[Event "ICC tourney 2533 (25 5)"]
[Site "Internet Chess Club"]
[Date "2021.04.24"]
[Round "2"]
[White "SETTY, KRISHNA:K09-17034958"]
[Black "BIAN, ERIN:K09-16926853"]
[Result "0-1"]
[ICCResult "White checkmated"]
[WhiteElo "1109"]
[BlackElo "1765"]
[Opening "Queen's pawn: London system"]
[ECO "A45"]
[NIC "QP.07"]
[Time "13:12:31"]
[PlyCount "148"]
[TimeControl "1500+5"]

1. d4 Nf6 2. Bf4 e6 3. e3 c5 4. Nc3 a6 5. Bd3 Nc6 6. Nf3 d5 7. O-O Bd6 8.
Bg3 Bxg3 9. fxg3 Qd6 10. Re1 O-O 11. Qd2 e5 12. dxe5 Nxe5 13. Be2 Bf5 14.
Rad1 Rad8 15. Rf1 Bg6 16. Rfe1 Rfe8 17. Nxe5 Qxe5 18. Bf3 Ne4 19. Nxe4 Bxe4
20. Bxe4 Qxe4 21. c3 h6 22. Re2 d4 23. cxd4 cxd4 24. Rde1 d3 25. Rf2 Re6
26. Rf4 Qc6 27. Rc1 Qb6 28. Rf3 Rc6 29. Rff1 Re6 30. Rf3 Qb5 31. Rff1 Qe5
32. Rf3 Qe4 33. Rc3 Rc6 34. Rf4 Qg6 35. Rfc4 Rxc4 36. Rxc4 Qe6 37. b3 Qe5
38. Rc1 b5 39. Rd1 b4 40. Kf2 Qc3 41. Ke1 Rc8 42. h3 a5 43. g4 Kh8 44. Kf2
Qf6+ 45. Kg1 Rc2 46. Qe1 Qc6 47. Qf1 d2 48. Qe2 Qd5 49. Kf2 Rxa2 50. Kg1
Rb2 51. Kh2 Qxb3 52. Rxd2 Rxd2 53. Qxd2 a4 54. Qd8+ Kh7 55. Qe8 a3 56. Qe4+
g6 57. Qd4 a2 58. Qa1 Qe6 59. Qc1 b3 60. Qc3 Qd6+ 61. g3 Qb6 62. Qb2 Qxe3
63. Kg2 Qe4+ 64. Kh2 Qc2+ 65. Qxc2 bxc2 66. h4 c1=Q 67. g5 hxg5 68. hxg5
Qxg5 69. Kh3 a1=Q 70. g4 Qh1+ 71. Kg3 Qhh4+ 72. Kf3 Qhxg4+ 73. Kf2 Qd2+ 74.
Kf1 Qgg2# { White checkmated } 0-1

[Event "ICC tourney 2533 (25 5)"]
[Site "Internet Chess Club"]
[Date "2021.04.24"]
[Round "2"]
[White "XINZHE ZHANG, ALEXANDER:K09-16588540"]
[Black "VU, LEONARD:K09-15005368"]
[Result "0-1"]
[ICCResult "White checkmated"]
[WhiteElo "1297"]
[BlackElo "2000"]
[Opening "Sicilian: Smith-Morra gambit"]
[ECO "B21"]
[NIC "SI.47"]
[Time "13:13:53"]
[PlyCount "150"]
[TimeControl "1500+5"]

1. e4 c5 2. d4 cxd4 3. c3 Nf6 4. e5 Nd5 5. cxd4 d6 6. f4 e6 7. Nf3 Nc6 8.
Bb5 Qa5+ 9. Nc3 Nxc3 10. Bxc6+ bxc6 11. bxc3 Qxc3+ 12. Bd2 Qd3 13. Qa4 Bd7
14. Rc1 c5 15. Qc2 Qxc2 16. Rxc2 cxd4 17. Nxd4 dxe5 18. fxe5 Be7 19. O-O
O-O 20. Nf3 Rfc8 21. Rfc1 Ba3 22. Rxc8+ Rxc8 23. Rxc8+ Bxc8 24. Be3 a5 25.
Nd2 Bb2 26. Nc4 Bc3 27. Bd2 Bd4+ 28. Be3 Bc3 29. Bd2 Bxd2 30. Nxd2 Ba6 31.
Nb3 a4 32. Nc5 Bb5 33. Kf2 a3 34. Ne4 f6 35. exf6 Bd3 36. Nc3 gxf6 37. Ke3
Bc4 38. Kd4 Bf1 39. g3 e5+ 40. Ke3 f5 41. Nd5 Bc4 42. Nc3 Kf7 43. Kf3 Kf6
44. Ke3 Kg5 45. h3 h5 46. h4+ Kg4 47. Kf2 f4 48. gxf4 exf4 49. Kg2 f3+ 50.
Kf2 Bd3 51. Nd1 Be2 52. Ne3+ Kxh4 53. Nf5+ Kg4 54. Ne3+ Kf4 55. Nd5+ Ke4
56. Nf6+ Kd3 57. Nxh5 Kc3 58. Nf4 Kb2 59. Nxe2 fxe2 60. Kxe2 Kxa2 61. Kd2
Kb2 62. Kd1 a2 63. Kd2 a1=Q 64. Kd3 Qc1 65. Kd4 Qc3+ 66. Ke4 Kb3 67. Kd5
Qc4+ 68. Ke5 Kb4 69. Kd6 Qc5+ 70. Ke6 Kc4 71. Kf7 Qd6 72. Ke8 Qc7 73. Kf8
Kd5 74. Ke8 Ke6 75. Kf8 Qf7# { White checkmated } 0-1

[Event "ICC tourney 2533 (25 5)"]
[Site "Internet Chess Club"]
[Date "2021.04.24"]
[Round "2"]
[White "THOMAS, JOHNATHAN:K09-16893496"]
[Black "KRISHNA VANA, JESHWANT:K09-17291927"]
[Result "1-0"]
[ICCResult "Black resigns"]
[WhiteElo "927"]
[BlackElo "354"]
[Opening "Giuoco Pianissimo: Italian four knights variation"]
[ECO "C50"]
[NIC "IG.02"]
[Time "14:12:46"]
[PlyCount "83"]
[TimeControl "1500+5"]

1. e4 e5 2. Nf3 Nc6 3. Bc4 Bc5 4. d3 Nf6 5. Nc3 O-O 6. Bg5 h6 7. Bh4 Be7 8.
Bg3 Ng4 9. h3 Nf6 10. Nxe5 Nxe5 11. Bxe5 d6 12. Bd4 c5 13. Be3 Be6 14. Bxe6
fxe6 15. d4 cxd4 16. Bxd4 e5 17. Be3 Qa5 18. O-O Rad8 19. Bd2 d5 20. Nxd5
Nxd5 21. Bxa5 b6 22. exd5 bxa5 23. Re1 Rf5 24. Qd3 Rf7 25. Rxe5 Rdf8 26.
Rae1 Bc5 27. Re8 Bxf2+ 28. Kh1 Bxe1 29. Rxe1 g5 30. Qg6+ Rg7 31. Qxh6 g4
32. hxg4 Rh7 33. g5 Rxh6+ 34. gxh6 Rf7 35. Rd1 Rh7 36. d6 Rd7 37. c4 Kh7
38. c5 Kxh6 39. c6 Rd8 40. d7 Rh8 41. d8=Q Kg6+ 42. Qxh8 { Black resigns }
1-0

[Event "ICC tourney 2533 (25 5)"]
[Site "Internet Chess Club"]
[Date "2021.04.24"]
[Round "2"]
[White "MCCOY, KEVIN:K09-15792666"]
[Black "MORGAN, DRAKE:K09-17025296"]
[Result "1-0"]
[ICCResult "Black checkmated"]
[WhiteElo "906"]
[BlackElo "192"]
[Opening "Scotch opening"]
[ECO "C44"]
[NIC "KP.10"]
[Time "14:08:58"]
[PlyCount "55"]
[TimeControl "1500+5"]

1. e4 e5 2. Nf3 Nc6 3. d4 Nf6 4. d5 Nb4 5. a3 Na6 6. Bg5 h6 7. Bh4 g5 8.
Bg3 Bc5 9. Bxe5 d6 10. Bc3 Nxe4 11. Bxh8 Nxf2 12. Qe2+ Kf8 13. b4 Nxh1 14.
bxc5 dxc5 15. Nc3 f6 16. Ne4 Kf7 17. O-O-O Qxh8 18. g3 f5 19. Ned2 g4 20.
Ne5+ Kf6 21. Bg2 c6 22. dxc6 bxc6 23. Bxh1 Nb8 24. Nb3 Ba6 25. Qe3 c4 26.
Rd6+ Ke7 27. Ng6+ Kxd6 28. Qe7# { Black checkmated } 1-0

[Event "ICC tourney 2533 (25 5)"]
[Site "Internet Chess Club"]
[Date "2021.04.24"]
[Round "3"]
[White "KAMEL, YASEEN:K09-30090598"]
[Black "ANTONY VETTICAL, DYLAN:K09-16099143"]
[Result "0-1"]
[ICCResult "White resigns"]
[WhiteElo "1301"]
[BlackElo "1029"]
[Opening "Scandinavian: Icelandic gambit"]
[ECO "B01"]
[NIC "SD.03"]
[Time "15:11:57"]
[PlyCount "20"]
[TimeControl "1500+5"]

1. e4 d5 2. exd5 Nf6 3. c4 e6 4. dxe6 Bxe6 5. Nc3 Bb4 6. Qc2 Qe7 7. Ne4 Bf5
8. f3 Nxe4 9. fxe4 Bxe4 10. Qa4+ Bc6+ { White resigns } 0-1

[Event "ICC tourney 2533 (25 5)"]
[Site "Internet Chess Club"]
[Date "2021.04.24"]
[Round "3"]
[White "FARRIS, NORA GRACE:K09-16974693"]
[Black "SAFRANEK, WILLIAM:K09-15106903"]
[Result "0-1"]
[ICCResult "White checkmated"]
[WhiteElo "947"]
[BlackElo "1900"]
[Opening "Ruy Lopez: Marshall, main line, 14...Qh3"]
[ECO "C89"]
[NIC "RL.17"]
[Time "15:12:11"]
[PlyCount "56"]
[TimeControl "1500+5"]

1. e4 e5 2. Nf3 Nc6 3. Bb5 a6 4. Ba4 Nf6 5. O-O Be7 6. Re1 b5 7. Bb3 O-O 8.
c3 d5 9. exd5 Nxd5 10. Nxe5 Nxe5 11. Rxe5 c6 12. d4 Bd6 13. Re1 Qh4 14. g3
Qh3 15. Qe2 Bg4 16. Qf1 Qh5 17. Nd2 f5 18. Qg2 f4 19. Bxd5+ cxd5 20. Qxd5+
Qxd5 21. Ne4 fxg3 22. hxg3 Bf3 23. Nd2 Bh1 24. Kf1 Qg2+ 25. Ke2 Rxf2+ 26.
Kd1 Bxg3 27. Nb3 Qf3+ 28. Re2 Qxe2# { White checkmated } 0-1

[Event "ICC tourney 2533 (25 5)"]
[Site "Internet Chess Club"]
[Date "2021.04.24"]
[Round "3"]
[White "CHAVA, TARUN:K09-15546970"]
[Black "NADYRSHIN, IMRAN:K09-17245693"]
[Result "1-0"]
[ICCResult "Black checkmated"]
[WhiteElo "904"]
[BlackElo "163"]
[Opening "Scandinavian (center counter) defense"]
[ECO "B01"]
[NIC "SD.01"]
[Time "15:14:45"]
[PlyCount "33"]
[TimeControl "1500+5"]

1. e4 d5 2. exd5 Qxd5 3. Nc3 Qa5 4. d4 c6 5. Nf3 Nf6 6. Bd3 Bg4 7. O-O Bxf3
8. Qxf3 e6 9. Bd2 Be7 10. Rfd1 O-O 11. Ne4 Nxe4 12. Bxa5 Ng5 13. Qe2 b6 14.
Bd2 h6 15. Bxg5 Bxg5 16. Qe4 Nd7 17. Qh7# { Black checkmated } 1-0

[Event "ICC tourney 2533 (25 5)"]
[Site "Internet Chess Club"]
[Date "2021.04.24"]
[Round "3"]
[White "REVES, YIANNI:K09-16805341"]
[Black "ANDERSON, NATE:K09-15675466"]
[Result "1-0"]
[ICCResult "Black checkmated"]
[WhiteElo "1184"]
[BlackElo "616"]
[Opening "Sicilian"]
[ECO "B54"]
[NIC "SI.01"]
[Time "15:14:28"]
[PlyCount "39"]
[TimeControl "1500+5"]

1. e4 c5 2. Nf3 d6 3. d4 cxd4 4. Nxd4 g6 5. Nc3 Bg7 6. Be3 Qb6 7. Nb3 Bxc3+
8. bxc3 Qc6 9. Qd2 Nf6 10. f3 O-O 11. Be2 Be6 12. O-O Nbd7 13. Nd4 Nxe4 14.
fxe4 Qxe4 15. Nxe6 Qxe6 16. Bh6 Rfc8 17. Rab1 Qd5 18. Qxd5 b6 19. Qxf7+ Kh8
20. Qg7# { Black checkmated } 1-0

[Event "ICC tourney 2533 (25 5)"]
[Site "Internet Chess Club"]
[Date "2021.04.24"]
[Round "3"]
[White "ANG, TIMOTHY:K09-16772800"]
[Black "BHARGAVA, ANISH:K09-17325854"]
[Result "1-0"]
[ICCResult "Black checkmated"]
[WhiteElo "833"]
[BlackElo "101"]
[Opening "Scotch opening"]
[ECO "C44"]
[NIC "KP.10"]
[Time "15:13:04"]
[PlyCount "55"]
[TimeControl "1500+5"]

1. e4 e5 2. Nf3 Nc6 3. d4 d5 4. exd5 exd4 5. dxc6 bxc6 6. Qxd4 Bg4 7. Qxg4
Qe7+ 8. Be2 Qe6 9. Qxe6+ fxe6 10. Nc3 Bb4 11. Bd2 Be7 12. h3 Nf6 13. a3 O-O
14. O-O Nd7 15. Nd4 Nf6 16. Nxe6 Rfd8 17. Nxd8 Bxd8 18. Bf3 Nd5 19. Nxd5
cxd5 20. Bxd5+ Kh8 21. Bxa8 Bg5 22. Bxg5 h6 23. Bd2 Kh7 24. Rfe1 c6 25.
Bxc6 a5 26. Re7 h5 27. Be4+ Kh8 28. Re8# { Black checkmated } 1-0

[Event "ICC tourney 2533 (25 5)"]
[Site "Internet Chess Club"]
[Date "2021.04.24"]
[Round "3"]
[White "KANSARA, SATYEN:K09-16412456"]
[Black "RODRIGUEZ, KEYES:K09-16494792"]
[Result "1-0"]
[ICCResult "Black checkmated"]
[WhiteElo "461"]
[BlackElo "1195"]
[Opening "Giuoco Pianissimo"]
[ECO "C55"]
[NIC "IG.01"]
[Time "15:11:56"]
[PlyCount "29"]
[TimeControl "1500+5"]

1. e4 e5 2. Nf3 Nc6 3. Bc4 Nf6 4. d3 Bc5 5. O-O O-O 6. Bg5 h6 7. Bh4 Be7 8.
Nc3 d6 9. h3 Be6 10. Bxe6 fxe6 11. Bg3 Nh5 12. Ng5 Nxg3 13. Nxe6 Qc8 14.
Qg4 Nxf1 15. Qxg7# { Black checkmated } 1-0

[Event "ICC tourney 2533 (25 5)"]
[Site "Internet Chess Club"]
[Date "2021.04.24"]
[Round "3"]
[White "MUKHERJEE, ABHIRUP:K09-17149023"]
[Black "PETUKHOV, ARTHUR:K09-16615802"]
[Result "0-1"]
[ICCResult "White checkmated"]
[WhiteElo "672"]
[BlackElo "1287"]
[Opening "two knights defense: Bogolyubov variation"]
[ECO "C58"]
[NIC "KP.01"]
[Time "15:13:40"]
[PlyCount "46"]
[TimeControl "1500+5"]

1. e4 e5 2. Nf3 Nc6 3. Bc4 Nf6 4. Ng5 d5 5. exd5 Na5 6. Bb5+ c6 7. dxc6
bxc6 8. Qf3 Be7 9. Bxc6+ Nxc6 10. Qxc6+ Bd7 11. Qf3 Rc8 12. Nc3 Bc6 13. Qg3
h6 14. Nf3 e4 15. Nd4 Qxd4 16. Qxg7 Rg8 17. Qxh6 Rxg2 18. Qe3 Qxe3+ 19.
dxe3 Ng4 20. f4 exf3 21. h4 f2+ 22. Kf1 Nh2+ 23. Ke2 f1=Q# { White
checkmated } 0-1

[Event "ICC tourney 2533 (25 5)"]
[Site "Internet Chess Club"]
[Date "2021.04.24"]
[Round "3"]
[White "V MEHTA, SOHUM:K09-15597521"]
[Black "CHI, ZIYANG:K09-16218796"]
[Result "1-0"]
[ICCResult "Black checkmated"]
[WhiteElo "1439"]
[BlackElo "879"]
[Opening "King's pawn game"]
[ECO "C50"]
[NIC "IG.03"]
[Time "15:11:54"]
[PlyCount "57"]
[TimeControl "1500+5"]

1. e4 e5 2. Nf3 Nc6 3. Bc4 Nd4 4. O-O Nxf3+ 5. Qxf3 Nf6 6. d3 Bc5 7. Bg5 h6
8. Bh4 c6 9. Nc3 Bb4 10. Ne2 d5 11. exd5 Bg4 12. Bxf6 Qxf6 13. Qxg4 O-O 14.
dxc6 bxc6 15. c3 Bc5 16. Ng3 g6 17. Ne4 Qf5 18. Qxf5 gxf5 19. Nxc5 Kh7 20.
f4 e4 21. dxe4 fxe4 22. Nxe4 Rg8 23. Nf6+ Kg7 24. Nxg8 Rxg8 25. Rae1 Kf6
26. g3 Kf5 27. Re5+ Kg4 28. Be2+ Kh3 29. Rh5# { Black checkmated } 1-0